 Dungeon Crawl Stone Soup version 0.28-a0-479-g5baa6b73be (webtiles) character file.

Game seed: 8724260361551801439

157 Dabor the Skirmisher (level 5, -1/42 HPs)
             Began as a Formicid Abyssal Knight on Sept 19, 2021.
             Was a Believer of Lugonu.
             Succumbed to a water moccasin's poison
             ... on level 3 of the Dungeon.
             The game lasted 00:05:07 (3202 turns).

Dabor the Skirmisher (Formicid Abyssal Knight)      Turns: 3202, Time: 00:05:08

Health: -1/42      AC: 10    Str: 13 (16) XL:     5   Next: 66%
Magic:  1/7        EV: 10    Int: 10 (12) God:    Lugonu [**....]
Gold:   121        SH:  0    Dex: 10 (11) Spells: 4/4 levels left

rFire   . . .      SeeInvis +   a - +1 spear
rCold   . . .      Faith    .   (no shield)
rNeg    . . .      Spirit   .   b - +1 chain mail
rPois   .          Reflect  .   (helmet unavailable)
rElec   .          Harm     .   (no cloak)
rCorr   .          Rampage  .   (no gloves)
Will    .....                   (no boots)
Stlth   ..........              (no amulet)
HPRegen 0.14/turn               c - +4 ring of evasion
MPRegen 0.10/turn               (no ring)

@: lethally poisoned (-1 -> -10), flying
A: permanent stasis, dig shafts and tunnels, antennae 3, four strong arms
a: Dig, Shaft Self, Renounce Religion, Depart the Abyss, Bend Space


You were on level 3 of the Dungeon.
You worshipped Lugonu.
Lugonu was pleased with you.
You visited 1 branch of the dungeon, and saw 4 of its levels.
You visited the Abyss 1 time.

You collected 121 gold pieces.

Inventory:

Hand Weapons
 a - a +1 spear (weapon)
 u - a +0 halberd
Missiles
 s - 39 poisoned darts (quivered)
Armour
 b - a +1 chain mail (worn)
 f - a +0 ring mail
Jewellery
 c - a +4 ring of evasion (left hand)
Wands
 d - a wand of digging (6)
Scrolls
 e - 4 scrolls of fog
 h - a scroll of identify {unknown}
 k - a scroll of blinking {unknown}
 l - a scroll of enchant weapon {unknown}
 n - a scroll of enchant armour
 p - 2 scrolls of silence {unknown}
 q - a scroll of immolation {unknown}
 t - a scroll of noise {unknown}
Potions
 i - a potion of heal wounds {unknown}
 j - a potion of lignification {unknown}
 m - a potion of flight
 o - a potion of degeneration
 r - a potion of might {unknown}


   Skills:
 + Level 4.1 Fighting
 + Level 2.9 Polearms
 + Level 3.2 Armour
 + Level 2.1 Dodging
 + Level 3.4 Invocations


You had 4 spell levels left.
You didn't know any spells.
Your spell library contained the following spells:

 Spells                   Type           Power      Damage    Failure   Level
 Slow                     Hex            0%         N/A       100%        2
 Confusing Touch          Hex            0%         N/A       100%        3
 Vampiric Draining        Necr           0%         2d6       100%        3


Dungeon Overview and Level Annotations

Branches:
Dungeon (4/15)
 Temple: D:4-7

Altars:


Innate Abilities, Weirdness & Mutations

You cannot be hasted, slowed, berserked, paralysed or teleported.
You can dig through walls and to a lower floor.
You have a pair of large antennae on your head. (SInv)
Your four strong arms can wield two-handed weapons with a shield.


Message History

You throw a poisoned dart.
The poisoned dart hits the water moccasin.
Space bends around you!
You blink.
You throw a poisoned dart.
The poisoned dart closely misses the water moccasin.
You throw a poisoned dart.
The poisoned dart misses the water moccasin.
The water moccasin barely misses you. Space bends around you!
You blink.
You see here a poisoned dart.
Space bends around you!
You blink.
You fail to use your ability.
The water moccasin barely misses you. The water moccasin closely misses you.
You see here a poisoned dart.
Space bends around you!
You blink.
The water moccasin bites you.
You are poisoned.
The water moccasin poisons you!
You feel very sick. The water moccasin barely misses you.
You feel very sick.
There is a stone staircase leading up here.
You feel sick. The water moccasin bites you!
You are lethally poisoned!
The water moccasin poisons you!
The water moccasin bites you but does no damage.
You climb upwards.
* * * LOW HITPOINT WARNING * * *
You feel very sick.
There is a stone staircase leading down here.
* * * LOW HITPOINT WARNING * * *
You feel very sick.
It was a potion of flight.
You feel very buoyant.
You fly up into the air.
* * * LOW HITPOINT WARNING * * *
You feel sick. The water moccasin closely misses you.
It was a potion of degeneration.
There was something very wrong with that liquid.
You feel weakened.
You feel dopey.
You feel clumsy.
You die...

####### ......#
############# #####.###
#..S@.......# ##......#
#.###..####.# ##.##.#.#
#.###..####.# ##.##)#.#
#.#......##.# ..))).#.#
#.#.#..#.##.#
##.####.#####...........#
#.# #.........##.#.##.#
#.# ############.#....#
#.# #.......# #.###..#


You could see a water moccasin.

Vanquished Creatures
  An orc priest (D:3)
  3 adders
  3 gnolls (D:4)
  A dart slug (D:2)
  8 orcs (D:3)
  5 endoplasms
  3 giant cockroaches (D:2)
  5 goblins
  5 hobgoblins
  4 quokkas
  7 ball pythons
  4 bats
  4 kobolds
  9 rats
62 creatures vanquished.

Notes
Turn   | Place    | Note
-------+----------+-------------------------------------------
     0 | Abyss:1  | Dabor the Formicid Abyssal Knight began the quest for the
                  | Orb.
     0 | Abyss:1  | Reached XP level 1. HP: 18/18 MP: 2/2
    29 | Abyss:2  | Found an opulent altar of Gozag.
    85 | Abyss:2  | Noticed a spatial vortex
    95 | Abyss:2  | Noticed a wretched star
    97 | D:1      | Escaped the Abyss
   183 | D:1      | Noticed a shining eye
   191 | D:1      | Found a faded altar of an unknown god.
   192 | D:1      | Noticed a floating eye
   192 | D:1      | Noticed an eye of devastation
   192 | D:1      | Noticed a floating eye
   444 | D:1      | Reached skill level 1 in Dodging
   539 | D:1      | Reached XP level 2. HP: 24/24 MP: 3/3
   656 | D:1      | Reached * piety under Lugonu
  1301 | D:2      | Reached XP level 3. HP: 25/29 MP: 4/4
  2132 | D:3      | Reached XP level 4. HP: 37/37 MP: 6/6
  2724 | D:3      | Reached XP level 5. HP: 36/42 MP: 7/7
  2726 | D:3      | Reached ** piety under Lugonu
  2753 | D:3      | Reached skill level 4 in Fighting
  3173 | D:4      | Noticed a water moccasin
  3201 | D:3      | HP: 1/42 [poisoned by a water moccasin]
  3202 | D:3      | Succumbed to a water moccasin's poison

Illustrated notes

Levels and vault maps discovered:
D:1:      giann_wishing_wells, layout_loops_ring,
          hellmonk_ecumenical_altar_watching_god
D:2:      layout_basic
D:3:      layout_loops_cross, minmay_misc_feat_room
D:4:      layout_loops_corners, lemuel_doored_altar, lemuel_round_altar,
          uniq_sigmund, uniq_pikel, uniq_natasha, uniq_eustachio

Skill      XL: |  1  2  3  4  5 |
---------------+----------------+-----
Dodging        | 1 2 |  2.1
Invocations    | 3 |  3.4
Armour         | 3 |  3.2
Fighting       | 4 |  4.1
Polearms       | |  2.9

Action                   |  1- 3 |  4- 6 || total
-------------------------+-------+-------++-------
Melee: Spear             |   168 |   116 ||   284
Throw: Dart              |       |     7 ||     7
Invok: Depart the Abyss  |     1 |       ||     1
       Bend Space        |       |     8 ||     8
  Use: Scroll            |     2 |       ||     2
       Potion            |       |     2 ||     2
Armor: Ring mail         |    20 |       ||    20
       Chain mail        |    16 |    32 ||    48
Dodge: Dodged            |   113 |    58 ||   171

Table legend: (Time is in decaauts)
 A = Elapsed time spent in this place.
 B = Non-inter-level travel time spent in this place.
 C = Inter-level travel time spent in this place.
 D = Time resting spent in this place.
 E = Time spent auto-exploring this place.
 F = Levels seen in this place.
 G = Mean time per level.
                   A        B        C        D        E       F      G
               +--------+--------+--------+--------+--------+-----+--------+
         Total |   3195 |   3101 |     94 |      0 |   2477 |   6 |  532.5 |
       Dungeon |   3098 |   3004 |     94 |      0 |   2471 |   4 |  774.5 |
         Abyss |     96 |     96 |      0 |      0 |      6 |   2 |   48.0 |
               +--------+--------+--------+--------+--------+-----+--------+

Top non-repeatable levels by time:
     D:3: 980 daAuts
     D:1: 974 daAuts
     D:2: 866 daAuts
     D:4: 276 daAuts
 Abyss:2: 79 daAuts
 Abyss:1: 17 daAuts
